 Seeded DCSS version 0.28.0-62-gf88900778d (webtiles) character file.

Game seed: 10524674902845024632 (custom seed)

21731 cbfl8 the Prestidigitator (level 12, -3/81 HPs)
             Began as a Demonspawn Fighter on July 6, 2023.
             Was an Elder of Hepliaklqana.
             Slain by an 11-headed hydra (7 damage)
             ... on level 12 of the Dungeon.
             The game lasted 00:24:23 (15558 turns).

cbfl8 the Prestidigitator (Demonspawn Fighter)     Turns: 15558, Time: 00:24:23

Health: -3/81      AC: 35    Str: 17    XL:     12   Next: 56%
Magic:  11/12      EV:  5    Int: 17    God:    Hepliaklqana [****..]
Gold:   1044       SH: 20    Dex: 18    Spells: 11/11 levels left

rFire   + . .      SeeInvis .   x - +10 war axe of Dawn {drain, +Blink rPois Int+6 Dex+2}
rCold   + . .      Faith    +   z - +0 tower shield
rNeg    . . .      Spirit   .   s - +5 chain mail {Will+}
rPois   +          Reflect  .   f - +0 hat {Stlth+}
rElec   +          Harm     .   p - +0 cloak
rCorr   +          Rampage  .   I - +2 pair of gloves
Will    +....                   G - +2 pair of boots
Stlth   +.........              a - amulet of faith
HPRegen 0.23/turn               (no ring)
MPRegen 0.13/turn               (no ring)

@: resistant, sanguine armoured, on berserk cooldown, slowed, studying
Evocations, very slow
A: reduced essence, horns 2, sanguine armour 3, condensation shield, demonic
magic 2
a: Renounce Religion, Evoke Blink, Recall Ancestor, Ancestor Identity,
Transference, Idealise


You were on level 12 of the Dungeon.
You worshipped Hepliaklqana.
Hepliaklqana was greatly pleased with you.
You visited 2 branches of the dungeon, and saw 13 of its levels.
You also visited: Sewer and Bailey.

You collected 1716 gold pieces.
You spent 672 gold pieces at shops.

Inventory:

Hand Weapons
 b - a +6 broad axe of flaming
 x - the +10 war axe of Dawn (weapon) {drain, +Blink rPois Int+6 Dex+2}
   (You acquired it on level 7 of the Dungeon)

   A truly terrible weapon, it drains the life of any living foe it strikes.
   Int:       It affects your intelligence (+6).
   Dex:       It affects your dexterity (+2).
   rPois:     It protects you from poison.
   +Blink:    It lets you blink.
Missiles
 k - 6 throwing nets
 w - 23 boomerangs
Armour
 f - a +0 hat of stealth (worn)
 p - a +0 cloak (worn)
 s - a +5 chain mail of willpower (worn)
 z - a +0 tower shield (worn)
 G - a +2 pair of boots (worn)
 I - a +2 pair of gloves (worn)
Jewellery
 a - an amulet of faith (around neck)
Wands
 g - a wand of digging (5)
 i - a wand of paralysis (6) (quivered)
 j - a wand of acid (5)
 r - a wand of flame (25)
 y - a wand of iceblast (3)
 D - a wand of mindburst (10)
 H - a wand of charming (4)
Scrolls
 d - a scroll of holy word {unknown}
 t - a scroll of immolation
 u - a scroll of silence
 B - a scroll of noise
 E - 4 scrolls of fog
 F - 3 scrolls of teleportation
Potions
 c - a potion of lignification
 h - 2 potions of cancellation
 q - a potion of mutation
 A - a potion of heal wounds {unknown}
 C - a potion of invisibility {unknown}


   Skills:
 + Level 7.5 Fighting
 + Level 10.8 Axes
 * Level 8.0 Throwing
 + Level 7.1 Armour
 + Level 2.0 Dodging
 + Level 3.5 Stealth
 + Level 7.1 Shields
 * Level 11.0 Evocations


You had 11 spell levels left.
You didn't know any spells.
Your spell library contained the following spells:

 Spells                   Type           Power      Damage    Failure   Level
 Foxfire                  Conj/Fire      0%         2x1d4     100%        1
 Corpse Rot               Necr/Air       0%         N/A       100%        2
 Poisonous Vapours        Pois/Air       0%         N/A       100%        2
 Scorch                   Fire           0%         2d5       100%        2
 Conjure Flame            Conj/Fire      0%         6-21      100%        3
 Inner Flame              Hex/Fire       0%         N/A       100%        3
 Dispel Undead            Necr           0%         3d6       100%        4
 Flame Wave               Conj/Fire      0%         2d4       100%        4
 Death Channel            Necr           0%         N/A       100%        6
 Dispersal                Tloc           0%         N/A       100%        6
 Summon Cactus Giant      Summ           0%         N/A       100%        6
 Disjunction              Tloc           0%         N/A       100%        8


Dungeon Overview and Level Annotations

Branches:
Dungeon (12/15)            Temple (1/1) D:6            Lair (0/6) D:9
  Sewer (visited)          Bailey (visited)
    Orc: D:9-12

Altars:
Ashenzari
Cheibriados
Elyvilon
Fedhas
Hepliaklqana
Kikubaaqudgha
Nemelex Xobeh
Okawaru
Qazlal
Ru
Sif Muna
Trog
Uskayaw
Vehumet
Wu Jian
Yredelemnul
Zin

Shops:
D:2 *   D:10 ?

Annotations:
D:12 3 runed translucent doors, cbfl8's ghost, journeyman MiFi


Innate Abilities, Weirdness & Mutations

Your life essence is reduced to manifest your ancestor. (-10% HP)
You have a pair of horns on your head.
When seriously injured, your blood forms very thick armour. (AC +12)
A meltable shield of frost defends you. (SH +4)
Spells you cast may paralyse nearby enemies.


Message History

Okay, then.
You blink.
The rakshasa blinks!
The boulder beetle leaps!
Your surroundings suddenly seem different.
You feel stable enough to blink again.
You block the 11-headed hydra's attack. x2
The 11-headed hydra bites you but does no damage. x3
The 11-headed hydra closely misses you.
The 11-headed hydra bites you but does no damage.
You block the 11-headed hydra's attack.
The 11-headed hydra bites you but does no damage.
The 11-headed hydra bites you.
* * * LOW HITPOINT WARNING * * *
The 11-headed hydra bites you but does no damage.
Okay, then.
You feel protected. You block the 11-headed hydra's attack.
The 11-headed hydra barely misses you. The 11-headed hydra bites you.
* * * LOW HITPOINT WARNING * * *
You block the 11-headed hydra's attack. The 11-headed hydra bites you.
* * * LOW HITPOINT WARNING * * *
You block the 11-headed hydra's attack.
The 11-headed hydra bites you but does no damage. x3
The 11-headed hydra closely misses you.
The 11-headed hydra bites you but does no damage.
The 11-headed hydra bites you!
* * * LOW HITPOINT WARNING * * *
You block the 11-headed hydra's attack.
The 11-headed hydra bites you but does no damage. x2
The 11-headed hydra barely misses you. You block the 11-headed hydra's attack.
The 11-headed hydra bites you but does no damage. x3
The 11-headed hydra barely misses you.
The 11-headed hydra bites you but does no damage.
Aiming: Paralyse
Press: ? - help, Q - select action, (/) - cycle Shift-Dir - straight line, f - 11-headed hydra
Aim: an 11-headed hydra (lightly wounded, lightly drained, chance to affect: 43%)
The 11-headed hydra resists with some effort.
The 11-headed hydra bites you but does no damage. x2
You block the 11-headed hydra's attack. The 11-headed hydra barely misses you.
The 11-headed hydra bites you!
You die...

#........###.....##
#........##..>....#### ######
######.#.............# ###?...#
#.###...<......## #.......
#...###..>.....### #.......
##)..............#####+++###
#####..##.......##...##...ZZZW#
#......##.....D.###...##...ZZ##
###.###..###....@##
##..#....Z..#
≈≈≈.≈≈≈≈..###...## #..##.["!.##
##≈.≈##≈#.# ##### #.##.$#.#).#
##)###≈#.# #.##########
#)))#≈≈#.# ####.#####.....
#...#≈≈#.# ##..........###.
#.).#≈≈#.# ###..#######..###.
######≈#.# #.[.## ##..##. #≈#.#
#..## ##....


You could see a 11-headed hydra (drained).

Vanquished Creatures
  Gastronok (D:8)
  Kirke (D:12)
  An ice dragon (D:12)
  A hydra (D:10)
  A two-headed ogre (D:9)
  Pikel (D:9)
  A deep elf pyromancer (D:12)
  3 orc knights
  A manticore (D:11)
  3 kobold demonologists (D:10)
  Psyche (D:8)
  2 trolls (D:12)
  A hornet (D:12)
  Grinder (D:5)
  A wraith (D:8)
  Eustachio (D:5)
  3 hogs (D:12)
  9 yaks
  Grum (D:8)
  5 vampire mosquitoes
  A water moccasin (D:5)
  An ice beast (D:7)
  4 orc warriors
  A black bear (D:8)
  A necrophage (D:8)
  5 ogres
  A wolf (D:8)
  6 centaurs
  A lemure (D:9)
  4 kobold brigands
  5 bullfrogs
  A gnoll sergeant (D:10)
  2 scorpions
  A wyvern skeleton (D:6)
  A water moccasin skeleton (D:5)
  3 killer bees (D:8)
  2 wights (D:10)
  6 howler monkeys
  3 jellies
  A bullfrog zombie (D:6)
  4 hounds
  A centaur zombie (D:9)
  5 orc priests
  A centaur skeleton (D:5)
  4 iguanas
  9 orc wizards
  A hell rat (Sewer)
  A scorpion zombie (D:5)
  A howler monkey zombie (D:9)
  9 gnolls
  2 river rats
  7 adders
  A white imp (D:6)
  5 worms
  4 dart slugs
  24 orcs
  7 endoplasms
  3 giant cockroaches
  17 hobgoblins
  18 kobolds
  4 quokkas
  7 ball pythons
  5 bats
  3 frilled lizards
  6 goblins
  14 rats
252 creatures vanquished.

Vanquished Creatures (collateral kills)
  A boulder beetle (D:12)
  Harold (D:10)
  2 two-headed ogres
  A cyclops (D:11)
  Maurice (D:8)
  Maggie (D:9)
  An unseen horror (D:10)
  5 yaks
  A wraith (D:12)
  6 vampire mosquitoes
  5 orc warriors
  A necrophage (D:8)
  3 wolves (D:8)
  6 centaurs
  A bullfrog (D:8)
  A wight (D:10)
  3 orc wizards
  A gnoll (Bailey)
  A worm (D:3)
  2 orcs
  A bat (D:9)
  A hobgoblin (Bailey)
  4 kobolds
  A rat (D:3)
51 creatures vanquished.

Vanquished Creatures (others)
  3 humans (D:12)
  5 battlemagi
  An ancestor (Bailey)
  An orc (D:8)
10 creatures vanquished.

Grand Total: 313 creatures vanquished

Notes
Turn   | Place    | Note
-------+----------+-------------------------------------------
     0 | D:1      | cbfl8 the Demonspawn Fighter began the quest for the Orb.
     0 | D:1      | Reached XP level 1. HP: 18/18 MP: 1/1
   267 | D:1      | Gained mutation: You have a pair of small horns on your
                  | head. [demonic ancestry]
   267 | D:1      | Reached XP level 2. HP: 20/24 MP: 2/2
   276 | D:1      | Reached skill level 1 in Evocations
   969 | D:2      | Found a faded altar of an unknown god.
   973 | D:2      | Reached XP level 3. HP: 25/29 MP: 3/3
  1263 | D:2      | Found Jozuutto's General Store.
  1269 | D:2      | Reached skill level 1 in Throwing
  1272 | D:2      | Bought a scroll of teleportation for 42 gold pieces
  1469 | D:2      | Gained mutation: When seriously injured, your blood forms
                  | armour. (AC +12) [demonic ancestry]
  1469 | D:2      | Reached XP level 4. HP: 35/35 MP: 4/4
  1576 | D:2      | You fall into a shaft and drop 1 floor!
  1586 | D:3      | Reached skill level 2 in Evocations
  1740 | D:3      | Found a glowing drain.
  1749 | Sewer    | Entered a sewer
  1917 | Sewer    | Gained mutation: Spells you cast may paralyse adjacent
                  | enemies. [demonic ancestry]
  1917 | Sewer    | Reached XP level 5. HP: 20/41 MP: 5/5
  2076 | Sewer    | Identified a scroll of acquirement
  2083 | D:3      | Acquired 978 gold pieces
  2616 | D:2      | Bought a +3 vorpal broad axe for 322 gold pieces
  2827 | D:3      | Identified the +9 falchion "Dedoghuv" {spect, rC+}
  3079 | D:4      | Found a stormy altar of Qazlal.
  3224 | D:5      | Entered Level 5 of the Dungeon
  3294 | D:5      | Gained mutation: When seriously injured, your blood forms
                  | thick armour. (AC +12) [demonic ancestry]
  3294 | D:5      | Reached XP level 6. HP: 26/47 MP: 6/6
  3682 | D:5      | Reached skill level 1 in Stealth
  3689 | D:5      | Reached skill level 3 in Evocations
  3689 | D:5      | Gained mutation: A meltable shield of frost defends you.
                  | (SH +4) [demonic ancestry]
  3689 | D:5      | Reached XP level 7. HP: 34/53 MP: 7/7
  3823 | D:5      | Noticed Grinder
  3832 | D:5      | Killed Grinder
  3959 | D:5      | Noticed Eustachio
  5035 | D:5      | Killed Eustachio
  5036 | D:5      | Reached skill level 5 in Axes
  5036 | D:5      | Gained mutation: When seriously injured, your blood forms
                  | very thick armour. (AC +12) [demonic ancestry]
  5036 | D:5      | Reached XP level 8. HP: 17/60 MP: 8/8
  5604 | D:5      | Found a blossoming altar of Fedhas.
  5605 | D:5      | Found an ancient bone altar of Kikubaaqudgha.
  5672 | D:5      | Reached skill level 1 in Dodging
  5672 | D:5      | Reached skill level 4 in Evocations
  7254 | D:6      | Found a snail-covered altar of Cheibriados.
  7364 | D:6      | Found a staircase to the Ecumenical Temple.
  7371 | Temple   | Entered the Ecumenical Temple
  7376 | Temple   | Became a worshipper of Hepliaklqana the Forgotten
  7479 | D:7      | Found a flagged portal.
  7483 | D:7      | Reached XP level 9. HP: 65/66 MP: 9/9
  7515 | D:7      | Acquired the +10 war axe of Dawn {drain, +Blink rPois Int+6
                  | Dex+2}
  7696 | D:7      | Reached * piety under Hepliaklqana
  7774 | D:7      | Found a sparkling altar of Nemelex Xobeh.
  7817 | Bailey   | Entered a bailey
  7840 | Bailey   | Noticed an orc warlord
  8052 | Bailey   | Noticed an orc knight
  8077 | Bailey   | Killed an orc knight
  8078 | Bailey   | Reached skill level 5 in Evocations
  8263 | Bailey   | Found a runed translucent gate.
  8263 | Bailey   | Found a runed translucent gate.
  8282 | Bailey   | Found a runed translucent gate.
  8284 | Bailey   | Noticed an orc knight
  8290 | Bailey   | Killed an orc knight
  8291 | Bailey   | Reached skill level 5 in Throwing
  8291 | Bailey   | Reached skill level 5 in Armour
  8449 | D:7      | Acquired a manual of Evocations
  9156 | D:8      | Found a bloodstained altar of Trog.
  9170 | D:8      | Reached skill level 5 in Fighting
  9170 | D:8      | Reached skill level 6 in Evocations
  9170 | D:8      | Reached XP level 10. HP: 66/66 MP: 10/10
  9254 | D:8      | Noticed Gastronok
  9268 | D:8      | Killed Gastronok
  9269 | D:8      | Reached skill level 5 in Shields
  9269 | D:8      | Reached ** piety under Hepliaklqana
  9271 | D:8      | Remembered your ancestor Valentine as a battlemage
  9317 | D:8      | Noticed Psyche
  9320 | D:8      | Noticed Grum
  9321 | D:8      | Reached skill level 7 in Evocations
  9535 | D:8      | Killed Psyche
  9717 | D:8      | Noticed Maurice
  9730 | D:8      | Killed Maurice
 10156 | D:8      | Killed Grum
 10376 | D:8      | Found a bloodstained altar of Trog.
 10723 | D:9      | Reached skill level 8 in Evocations
 10731 | D:9      | Gained mutation: Spells you cast may paralyse nearby
                  | enemies. [demonic ancestry]
 10731 | D:9      | Reached XP level 11. HP: 68/72 MP: 11/11
 10784 | D:9      | Found a staircase to the Lair.
 10853 | D:9      | Found a sacrificial altar of Ru.
 11003 | D:9      | Noticed Pikel
 11009 | D:9      | Killed Pikel
 11220 | D:9      | Noticed Maggie
 11227 | D:9      | Killed Maggie
 11349 | D:9      | Reached *** piety under Hepliaklqana
 11401 | D:9      | Noticed a two-headed ogre
 11408 | D:9      | Killed a two-headed ogre
 11619 | D:9      | Identified the +12 great mace of Compulsion {elec, SInv}
 11667 | D:10     | Entered Level 10 of the Dungeon
 11792 | D:10     | Found a radiant altar of Vehumet.
 11895 | D:10     | Found Wamnabb's Magic Scroll Boutique.
 11902 | D:10     | Bought a scroll of teleportation for 42 gold pieces
 11902 | D:10     | Bought a scroll of identify for 28 gold pieces
 11902 | D:10     | Bought a scroll of blinking for 105 gold pieces
 11902 | D:10     | Bought a scroll of blinking for 105 gold pieces
 11902 | D:10     | Bought a scroll of identify for 28 gold pieces
 12098 | D:10     | Noticed Harold
 12099 | D:10     | Noticed a two-headed ogre
 12106 | D:10     | Killed Harold
 12107 | D:10     | Reached skill level 9 in Evocations
 12110 | D:10     | Killed a two-headed ogre
 12121 | D:10     | Reached **** piety under Hepliaklqana
 12746 | D:11     | Reached skill level 10 in Axes
 13222 | D:11     | Noticed a seven-headed hydra
 13967 | D:10     | Gained mutation: You have a pair of horns on your head.
                  | [demonic ancestry]
 13967 | D:10     | Reached XP level 12. HP: 79/81 MP: 12/12
 13988 | D:10     | Killed a ten-headed hydra
 13989 | D:10     | Reached skill level 10 in Evocations
 14112 | D:10     | Found a radiant altar of Vehumet.
 14603 | D:12     | Noticed a two-headed ogre
 14608 | D:12     | Killed a two-headed ogre
 15010 | D:12     | Found a runed translucent gate.
 15015 | D:12     | Found a runed translucent gate.
 15017 | D:12     | Found a runed translucent gate.
 15018 | D:12     | Noticed cbfl8's ghost (journeyman MiFi)
 15516 | D:12     | Noticed Kirke
 15527 | D:12     | Killed Kirke
 15528 | D:12     | Noticed an ice dragon
 15530 | D:12     | Noticed a boulder beetle
 15532 | D:12     | Noticed a boulder beetle
 15532 | D:12     | Noticed a rakshasa
 15532 | D:12     | Noticed an eight-headed hydra
 15536 | D:12     | Killed a boulder beetle
 15538 | D:12     | Noticed a five-headed hydra
 15539 | D:12     | Killed an ice dragon
 15544 | D:12     | Reached skill level 11 in Evocations
 15557 | D:12     | HP: 3/81 [11-headed hydra (9)]
 15558 | D:12     | Slain by an 11-headed hydra

Illustrated notes

Levels and vault maps discovered:
D:1:      scummos_arrival_hexagon, layout_basic
D:2:      layout_rooms, serial_shops, shop_statue, basic_ecumenical_altar,
          serial_park_tiny_2
D:3:      layout_basic, lightli_sewer_entry_pipes
D:4:      layout_loops_ring, mainiacjoe_overflow_alcove_1, dk_noncrumbling_3,
          chequers_garden
D:5:      layout_basic, grunt_temple_overflow_growth_and_decay, uniq_eustachio,
          uniq_grinder
D:6:      layout_rooms, lemuel_coloured_pillars_altar,
          minmay_temple_entry_enclosed_plants
D:7:      layout_basic, lemuel_crystal_altar, enter_bailey_4
D:8:      layout_basic, mainiacjoe_overflow_large_starburst,
          minmay_misc_feat_columns, uniq_maurice, uniq_grum, uniq_psyche,
          uniq_gastronok
D:9:      layout_roguey, nicolae_ru_great_annihilating_truth, dpeg_oklobed_lair,
          uniq_pikel, uniq_maggie
D:10:     layout_irregular_city, nicolae_vehumet_altar_sigil, serial_shops,
          nicolae_shop_stone, uniq_harold
D:11:     layout_basic
D:12:     minmay_the_grid_octo_triangle [minmay_the_grid_octo_fat_diamond,
          minmay_the_grid_octo_prize_big_c, minmay_the_grid_octo_empty],
          layout_rooms, gammafunk_ghost_necromancy, lightli_minifort, uniq_kirke
Temple:   cyrus_circular_temple

Skill      XL: |  1  2  3  4  5  6  7  8  9 10 11 12 |
---------------+-------------------------------------+-----
Axes           | 2 3 4 5 6 7 8 10 | 10.8
Evocations     | 1 2 3 4 6 8 9 11 | 11.0
Throwing       | 1 2 3 4 5 6 7 8 |  8.0
Armour         | 3 4 5 6 7 |  7.1
Shields        | 3 4 5 6 7 |  7.1
Stealth        | 1 2 3 |  3.5
Fighting       | 4 5 6 7 |  7.5
Dodging        | 1 2 |  2.0

Action                   |  1- 3 |  4- 6 |  7- 9 | 10-12 || total
-------------------------+-------+-------+-------+-------++-------
Melee: War axe           |   101 |    60 |    48 |   253 ||   462
       Headbutt          |    13 |    18 |    41 |    61 ||   133
       Broad axe         |       |    76 |   121 |       ||   197
Invok: Recall Ancestor   |       |       |     1 |       ||     1
       Ancestor Identity |       |       |     1 |       ||     1
       Ancestor Life: Ba |       |       |       |     1 ||     1
 Abil: Evoke Blink       |       |       |       |     1 ||     1
Evoke: Wand              |       |     3 |    26 |    11 ||    40
  Use: Scroll            |     1 |     9 |     5 |    24 ||    39
       Potion            |       |     1 |     2 |     8 ||    11
 Stab: Distracted        |       |     1 |       |     6 ||     7
       Paralysed         |       |     4 |     1 |     7 ||    12
       Invisible         |       |       |       |     1 ||     1
Armor: Scale mail        |    24 |       |       |       ||    24
       Chain mail        |    27 |    87 |    79 |   174 ||   367
       Skin              |       |       |       |     3 ||     3
Dodge: Dodged            |    37 |    42 |    40 |    54 ||   173
Block: Buckler           |    20 |    33 |    57 |       ||   110
       Tower shield      |       |       |    58 |   334 ||   392
